 Dungeon Crawl Stone Soup version 0.22.0-5-gf09313c8f9 (webtiles) character file.

81 Htamos the Magician (level 4, -3/24 HPs)
             Began as a Deep Elf Wizard on Aug 13, 2018.
             Slain by a gnoll (6 damage)
             ... on level 1 of the Dungeon.
             The game lasted 00:02:25 (2088 turns).

Htamos the Magician (Deep Elf Wizard)               Turns: 2088, Time: 00:02:25

Health: -3/24      AC:  3    Str:  4    XL:     4   Next: 20%
Magic:  10/13      EV: 13    Int: 24    God:
Gold:   96         SH:  0    Dex: 13    Spells: 12/13 levels left

rFire    . . .     SeeInvis .   (no weapon)
rCold    . . .     Gourm    .   (no shield)
rNeg     . . .     Faith    .   a - +0 robe
rPois    .         Spirit   .   b - +0 hat
rElec    .         Reflect  .   (no cloak)
rCorr    .         Harm     .   (no gloves)
MR       .....                  n - +0 pair of boots
Stlth    ++........             (no amulet)
HPRegen  0.08/turn              (no ring)
MPRegen  0.13/turn              (no ring)

@: no status effects
A: no striking features
a: no special abilities


You were on level 1 of the Dungeon.
You were not hungry.

You visited 1 branch of the dungeon, and saw 3 of its levels.

You collected 96 gold pieces.

Inventory:

Armour
 a - a +0 robe (worn)
 b - a +0 hat (worn)
 n - a +0 pair of boots (worn)
Jewellery
 f - a +2 ring of strength {unknown}
 g - an uncursed ring of ice {unknown}
 i - a cursed -2 ring of strength {unknown}
 l - an uncursed ring of resist corrosion {unknown}
Scrolls
 c - a scroll of amnesia {unknown}
 e - a scroll of identify {unknown}
 h - 3 scrolls of teleportation {unknown}
 k - a scroll of enchant armour {unknown}
 m - a scroll of magic mapping {unknown}
 p - a scroll of fog {unknown}
Potions
 j - a potion of heal wounds {unknown}
Comestibles
 d - 6 rations


   Skills:
 + Level 3.4 Dodging
 + Level 3.6 Stealth
 + Level 5.1 Spellcasting
 + Level 2.3 Conjurations
   Level 1.1 Summonings
   Level 1.1 Translocations


You had 12 spell levels left.
You knew the following spells:

 Your Spells              Type           Power        Failure   Level  Hunger
a - Magic Dart            Conj           ###.         3%          1    None

Your spell library contained the following spells:

 Spells                   Type           Power        Failure   Level  Hunger
 Conjure Flame            Conj/Fire      ##......     16%         3    ##.....
 Slow                     Hex            #.......     13%         2    None
 Mephitic Cloud           Conj/Pois/Air  ##......     19%         3    ##.....
 Blink                    Tloc           N/A          9%          2    None
 Call Imp                 Summ           ##......     9%          2    None


Dungeon Overview and Level Annotations

Branches:
Dungeon (3/15)

Altars:


Message History

The gnoll is moderately wounded.
The gnoll misses you.
Casting: Magic Dart (safe; 3% risk of failure)
Confirm with . or Enter, or press ? or * to list all spells.
Aiming: Magic Dart (safe; 3% risk of failure)
Press: ? - help, Shift-Dir - straight line, f/p - gnoll
Aim: a gnoll (moderately wounded)
The magic dart hits the gnoll.
The gnoll is severely wounded.
The gnoll hits you.
* * * LOW HITPOINT WARNING * * *
Casting: Magic Dart (safe; 3% risk of failure)
Confirm with . or Enter, or press ? or * to list all spells.
Aiming: Magic Dart (safe; 3% risk of failure)
Press: ? - help, Shift-Dir - straight line, f/p - gnoll
Aim: a gnoll (severely wounded)
The magic dart hits the gnoll.
The gnoll is almost dead.
The gnoll hits you.
You die...

#.#.......##...
####.#............
#............##...
#............''...
#............##...
#............##...
#............##...
#g.....).....##...
##@........)..##...
#.............##...
#...###############
#...# #...# #...#
#...# #...# #...#


You could see a gnoll.

Vanquished Creatures
  3 gnolls (D:2)
  An ooze (D:2)
  A dart slug (D:2)
  3 leopard geckos
  5 giant cockroaches
  4 goblins
  9 hobgoblins
  3 bats
  3 frilled lizards
  2 kobolds
  10 rats
44 creatures vanquished.

Notes
Turn   | Place    | Note
-------+----------+-------------------------------------------
     0 | D:1      | Htamos the Deep Elf Wizard began the quest for the Orb.
     0 | D:1      | Reached XP level 1. HP: 10/10 MP: 7/7
   199 | D:1      | Reached XP level 2. HP: 15/15 MP: 4/9
  1106 | D:2      | Reached XP level 3. HP: 19/19 MP: 7/11
  1580 | D:2      | Reached skill level 5 in Spellcasting
  1718 | D:2      | Reached XP level 4. HP: 24/24 MP: 8/13
  2088 | D:1      | Slain by a gnoll

Skill      XL: |  1  2  3 |
---------------+----------+-----
Stealth        | 3 |  3.6
Dodging        | 3 |  3.4
Conjurations   | 2 |  2.3
Spellcasting   | 5 |  5.1
Summonings     | |  1.1
Translocations | |  1.1

Action                   |  1- 3 |  4- 6 || total
-------------------------+-------+-------++-------
Melee: Unarmed           |     2 |       ||     2
 Cast: Magic Dart        |   105 |    15 ||   120
  Eat: Chunk             |     2 |     1 ||     3
Armor: Robe              |     4 |       ||     4
Dodge: Dodged            |    11 |    10 ||    21
